 Dungeon Crawl Stone Soup version 0.24.0-37-gcf1ca852f1 (webtiles) character file.

Game seed: 8307005679917183258, levelgen mode: deterministic

21 Descartes the Grasshopper (level 2, -4/13 HPs)
             Began as a Felid Warper on Dec 1, 2019.
             Slain by an orc wizard
             ... wielding a +0 dagger
              (7 damage)
             ... on level 2 of the Dungeon.
             The game lasted 00:01:29 (994 turns).

Descartes the Grasshopper (Felid Warper)             Turns: 994, Time: 00:01:29

Health: -4/13      AC:  1    Str:  7    XL:     2   Next: 65%
Magic:  6/6        EV: 18    Int: 14    God:
Gold:   78         SH:  0    Dex: 15    Spells: 5/5 levels left
                                        Lives:  0   Deaths: 0

rFire    . . .     SeeInvis +     - Unarmed
rCold    . . .     Gourm    .   (shield unavailable)
rNeg     . . .     Faith    .   (armour unavailable)
rPois    .         Spirit   .   (helmet unavailable)
rElec    .         Reflect  .   (cloak unavailable)
rCorr    .         Harm     .   (gloves unavailable)
MR       .....                  (boots unavailable)
Stlth    ++........             (no amulet)
HPRegen  0.04/turn              (no ring)
MPRegen  0.10/turn              (no ring)

@: quick
A: very small, no armour, no weapons or thrown items, stealth, claws 1, fangs 3,
see invisible, carnivore, speed 1, shaggy fur 1, slow metabolism 1, sharp paws
a: no special abilities


You were on level 2 of the Dungeon.
You were completely stuffed.

You visited 1 branch of the dungeon, and saw 2 of its levels.

You collected 78 gold pieces.

Inventory:

Missiles
 e - 22 arrows
Jewellery
 d - a +5 ring of protection {unknown}
 j - a cursed ring of attention {unknown}
Scrolls
 a - 2 scrolls of identify {unknown}
 b - a scroll of blinking
 h - a scroll of magic mapping {unknown}
 i - a scroll of amnesia {unknown}
 k - a scroll of random uselessness {unknown}
 l - a scroll of remove curse {unknown}
Potions
 f - a potion of resistance {unknown}
 g - a potion of haste {unknown}
Comestibles
 c - 3 rations
 m - a chunk of flesh


   Skills:
 + Level 2.1 Fighting
 + Level 3.3 Dodging
 * Level 1.9 Stealth
 * Level 2.4 Unarmed Combat
 + Level 2.1 Spellcasting
   Level 4.4 Translocations


You had 5 spell levels left.
You didn't know any spells.
Your spell library contained the following spells:

 Spells                   Type           Power        Failure   Level  Hunger
 Blink                    Tloc           N/A          6%          2    ###....
 Gell's Gravitas          Tloc           ##........   12%         3    ###....
 Lesser Beckoning         Tloc           ##........   12%         3    ###....
 Teleport Other           Tloc           ##......     12%         3    ###....
 Shroud of Golubria       Chrm/Tloc      #.....       14%         2    ###....
 Passage of Golubria      Tloc           N/A          36%         4    #####..


Dungeon Overview and Level Annotations

Branches:
Dungeon (2/15)

Altars:
Ashenzari


Innate Abilities, Weirdness & Mutations

You cannot wear armour.
You are incapable of wielding weapons or throwing items.
Your paws allow you to move quietly. (Stealth)
You have sharp claws.
You have razor-sharp teeth.
You have supernaturally acute eyesight. (SInv)
You are carnivorous and can eat meat at any time.
You cover ground quickly.
You are covered in fur. (AC +1)
You have a slow metabolism.
Your sharp claws are effective at attacking unaware monsters.


Message History

* * * LOW HITPOINT WARNING * * *
Things that are here:
a +0 whip; a +0 club; an orc corpse You miss the orc wizard.
The orc wizard is lightly wounded.
The orc wizard closely misses you.
You scratch the orc wizard.
The orc wizard is heavily wounded.
The orc wizard misses you.
You scratch the orc wizard but do no damage.
The orc wizard is heavily wounded.
The orc wizard misses you.
You miss the orc wizard. You bite the orc wizard.
The orc wizard is severely wounded.
The orc wizard misses you.
You scratch the orc wizard.
The orc wizard is almost dead.
The orc wizard hits you with a +0 dagger!
Ouch! That really hurt!
You die...

...# ###. ### ...#
#⌠..#+#..⌠# ....
#.........#.
...#####.........###
......÷#.......# ..#
#..+...+..._...+ ..#
#..#...........# ..#
#..#####.......##.##.#
#+....#.........@o...#
.......⌠..#+?#.⌠#..###
....#.##......###..#
.........#...#.. ..#
......#..#...#..#..#
......+...#### .....
......##.. ######
.....#### ....##


You could see an orc wizard (invisible).

Vanquished Creatures
  A dart slug (D:1)
  2 orcs (D:2)
  2 bats
  3 goblins (D:1)
  A frilled lizard (D:1)
  4 kobolds (D:1)
  4 rats (D:1)
17 creatures vanquished.

Notes
Turn   | Place    | Note
-------+----------+-------------------------------------------
     0 | D:1      | Descartes the Felid Warper began the quest for the Orb.
     0 | D:1      | Reached XP level 1. HP: 9/9 MP: 4/4
   163 | D:1      | Reached skill level 1 in Stealth
   345 | D:1      | Reached XP level 2. HP: 13/13 MP: 6/6
   971 | D:2      | Found a shattered altar of Ashenzari.
   994 | D:2      | Slain by an orc wizard

Levels and vault maps discovered:
D:1:      minmay_arrival_nine_rooms, layout_loops_ring, minmay_heptomino_h4
D:2:      layout_loops_corners, evilmike_ruin_ashenzari,
          nicolae_overflow_hidden_temple, nicolae_dithmenos_shadow_blocks

Skill      XL: |  1 |
---------------+----+-----
Stealth        | 1 |  1.9
Fighting       | |  2.1
Dodging        | |  3.3
Unarmed Combat | |  2.4
Spellcasting   | |  2.1
Translocations | |  4.4

Action                   || total
-------------------------++-------
Melee: Unarmed           ||    70
       Bite              ||     5
 Stab: Sleeping          ||     3
       Distracted        ||     1
  Eat: Chunk             ||     7
Armor: Skin              ||     3
Dodge: Dodged            ||    50
